Map: Newkirk Precinct TE (Void)

Players

HiotOfC - Winner!

  • Race: Terran Terran
  • League: Diamond
  • Spawn Location: 7:00

A.I. 1 (Very Easy)

  • Race: Protoss Protoss
  • Spawn Location: 5:00

VOD

Have the link to the VOD?

Description

Time

  • Played on: April 9, 2017, 9:27 a.m.
  • Length: 5:14
Show
View Real Time Build Order
Export as new Build Order

HiotOfC Terran - Winner!

Build Orders:  

Get SALT Encoding   

  12  0:00  SCV  
  13  0:12  SCV  
  14  0:17  Supply Depot  
  14  0:25  SCV  
  15  0:29  Refinery  
  15  0:39  SCV  
  16  0:46  Barracks  
  16  0:51  SCV  
  17  1:03  SCV  
  18  1:05  Refinery  
  18  1:15  SCV  
  19  1:27  SCV  
  20  1:36  Supply Depot  
  20  1:39  Barracks  
  20  1:42  Orbital Command  
  20  1:47  Barracks Reactor  
  20  1:59  Factory  
  20  2:08  SCV  
  21  2:22  SCV  
  22  2:23  Marine x2  
  22  2:27  Barracks Tech Lab  
  24  2:41  Marine x2  
  26  2:46  Stimpack  
  26  2:47  Starport  
  26  2:49  Factory Reactor  
  26  2:51  Marine  
  26  2:59  Marine x2  
  26  3:00  Supply Depot  
  28  3:08  SCV  
  29  3:18  Marine x2  
  31  3:22  Marine  
  32  3:28  Engineering Bay  
  32  3:35  Supply Depot  
  32  3:36  Medivac  
  32  3:39  Medivac  
  36  3:42  Marine  
  36  3:46  Marine  
  38  3:49  Marine  
  39  3:59  Marine  
  40  4:04  Marine  
  40  4:06  Marine  
  42  4:28  Marine  
  42  4:29  Marine x2  
  45  4:36  Command Center  
Show
View Real Time Build Order
Export as new Build Order

A.I. 1 (Very Easy) Protoss 

Build Orders:  

Get SALT Encoding   

  12  0:01  Probe (Chrono Boost)  
  13  0:11  Probe (Chrono Boost)  
  14  0:21  Pylon  
  14  0:36  Assimilator  
  14  0:43  Gateway  
  14  0:45  Pylon  
  14  1:16  Assimilator  
  14  1:20  Probe (Chrono Boost)  
  15  1:30  Probe (Chrono Boost)  
  16  1:33  Cybernetics Core  
  16  1:41  Probe (Chrono Boost)  
  17  1:51  Probe (Chrono Boost)  
  18  1:56  Warp Gate  
  18  2:02  Probe (Chrono Boost)  
  19  2:11  Stalker  
  19  2:13  Probe (Chrono Boost)  
  22  4:54  Stalker  
  22  4:58  Probe (Chrono Boost)  
  12  5:01  Pylon  
  12  5:06  Pylon  
Tags
 
Add a new tag
Caveats
  • Supply blocks, unpowered buildings, or Contaminate may cause inaccurate times.
  • Supply counts are checked every 10 seconds.